 Dungeon Crawl Stone Soup version 0.30-a0-728-gc68057be0a (webtiles) character file.

Game seed: 3503529021077567026

2144561 ragingrage the Slayer (level 26, 267/267 HPs)
             Began as an Armataur Berserker on Jan 30, 2023.
             Was a High Priest of Trog.
             Escaped with the Orb
             ... and 4 runes!
             The game lasted 02:06:45 (78803 turns).

ragingrage the Slayer (Armataur Berserker)         Turns: 78803, Time: 02:06:46

Health: 267/267    AC: 50    Str: 34 (35) XL:     26   Next: 31%
Magic:  32/32      EV: 20    Int:  7      God:    Trog [*****.]
Gold:   4731       SH: 13    Dex: 28      Spells: 25/25 levels left

rFire   + + .      SeeInvis +    b - +6 double sword (vamp)
rCold   + + .      Faith    .    o - +3 warlock's mirror {omnireflect}
rNeg    . . .      Spirit   +    t - +12 gold dragon scales
rPois   +          Reflect  +    W - +0 mask of the Dragon {Will+ Slay+3 SInv}
rElec   +          Harm     .    X - +1 cloak of Starlight {*Dazzle EV+4 Stlth--}
rCorr   .          Roll     +    R - +0 pair of fencer's gloves {Riposte Dex+3}
Will    +++..                    g - +4 barding "Sadobbog" {Dex+5} Stlth
                                 D - amulet of guardian spirit
HPRegen 0.64/turn                U - ring "Xiniuw" {rElec rC+ Will+ Str+2 Slay+2}
MPRegen 0.23/turn                h - ring of the Queen {rElec rF+ MP+9 Str+4}

@: studying 3 skills
A: large, rugged brown scales 3, deformed body, armoured tail, roll, long
tongue, awkward tongue, stinger 1, iridescent scales 1, thin skeletal structure
1, deterioration 1, strong 1, wild magic 1
0: Orb of Zot
}: 4/15 runes: decaying, slimy, silver, gossamer
a: Renounce Religion, Berserk, Trog's Hand, Brothers in Arms


You escaped.
You worshipped Trog.
Trog was extremely pleased with you.
You visited 10 branches of the dungeon, and saw 52 of its levels.
You visited 1 bazaar.
You also visited: Ossuary, Gauntlet, Ice Cave, Volcano and Wizlab.

You collected 8955 gold pieces.
You spent 4224 gold pieces at shops.

Inventory:

Hand Weapons
 a - a +8 demon blade of draining
 b - a +6 vampiric double sword (weapon)
 c - a +0 antimagic demon blade
Missiles
 i - 3 boomerangs of dispersal
 n - a throwing net
 x - 16 silver boomerangs
 F - 15 boomerangs (quivered)
 Q - 4 silver javelins
 Y - 9 javelins
Armour
 g - the +4 barding "Sadobbog" (worn) {Dex+5}
   (You acquired it on level 14 of the Dungeon)

   Dex:       It affects your dexterity (+5).
 o - the +3 warlock's mirror (worn) {omnireflect}
   (You found it on level 11 of the Dungeon)

   Omnireflect: It can block and reflect piercing ranged attacks and magical
   attacks against the wielder's willpower.
 t - +12 gold dragon scales (worn)
 R - the +0 pair of fencer's gloves (worn) {Riposte Dex+3}
   (You bought it in a shop on level 2 of the Orcish Mines)

   Riposte:   It allows the wearer to riposte with melee weapons, swiftly
   retaliating against missed or blocked melee attacks.
   Dex:       It affects your dexterity (+3).
 W - the +0 mask of the Dragon (worn) {Will+ Slay+3 SInv}
   (You bought it in a shop on level 1 of the Elven Halls)

   Slay:      It affects your accuracy & damage with ranged weapons and melee
   (+3).
   SInv:      It lets you see invisible.
   Will:      It increases your willpower.
 X - the +1 cloak of Starlight (worn) {*Dazzle EV+4 Stlth--}
   (You found it on level 3 of the Elven Halls)

   *Dazzle:   It may blind those who miss an attack against the wearer in melee
   combat.
   EV:        It affects your evasion (+4).
   Stlth:     It makes you much less stealthy.
Jewellery
 h - the ring of the Queen (right hand) {rElec rF+ MP+9 Str+4}
   (You acquired it on level 3 of the Swamp)

   [ring of magical power]

   Str:       It affects your strength (+4).
   rF:        It protects you from fire.
   rElec:     It insulates you from electricity.
   MP:        It affects your magic capacity (+9).
 D - an amulet of guardian spirit (around neck)
 O - a ring of resist corrosion
 U - the ring "Xiniuw" (left hand) {rElec rC+ Will+ Str+2 Slay+2}
   (You found it in an ice cave)

   [ring of protection from cold]

   Str:       It affects your strength (+2).
   Slay:      It affects your accuracy & damage with ranged weapons and melee
   (+2).
   rC:        It protects you from cold.
   rElec:     It insulates you from electricity.
   Will:      It increases your willpower.
Wands
 f - a wand of light (35)
 A - a wand of iceblast (47)
 N - a wand of digging (40)
 V - a wand of charming (54)
Scrolls
 r - 13 scrolls of blinking
 u - 9 scrolls of fear
 B - 40 scrolls of teleportation
 E - 13 scrolls of vulnerability
 K - 5 scrolls of summoning
 L - a scroll of magic mapping
 T - 9 scrolls of immolation
 Z - 7 scrolls of fog
Potions
 d - 27 potions of curing
 e - 14 potions of haste
 j - 10 potions of ambrosia
 k - 10 potions of flight
 l - 9 potions of magic
 m - 7 potions of invisibility
 s - 10 potions of lignification
 z - 5 potions of resistance
 H - 22 potions of heal wounds
 I - 14 potions of might
 J - 5 potions of mutation
 P - 10 potions of cancellation
 S - 8 potions of attraction
Miscellaneous
 q - a box of beasts
 v - a condenser vane
 y - a phial of floods
 C - a lightning rod (4/4)
 G - a tin of tremorstones (2/2)
 M - a phantom mirror


   Skills:
 - Level 23.0 Fighting
 - Level 17.2 Long Blades
 - Level 16.0 Throwing
 - Level 20.0 Armour
 + Level 17.5 Dodging
 - Level 20.0 Stealth
 - Level 15.0 Shields
 - Level 16.0 Evocations


You had 25 spell levels left.
You didn't know any spells.
Your spell library was empty.

Dungeon Overview and Level Annotations

Branches:
Dungeon (15/15)            Temple (0/1) D:5            Lair (5/5) D:9
  Swamp (4/4) Lair:2       Spider (4/4) Lair:3        Slime (5/5) Lair:5
    Orc (2/2) D:9             Elf (3/3) Orc:2        Vaults (5/5) D:14
  Crypt (0/3) Vaults:2     Depths (4/4) D:15            Zot (5/5) Depths:4
Ossuary (visited)           IceCv (visited)         Volcano (visited)
 WizLab (visited)         Gauntlet (visited)

Altars:
Ashenzari
Dithmenos
Fedhas
Gozag
Hepliaklqana
Kikubaaqudgha
Okawaru
Ru
Sif Muna
Wu Jian
Xom
Yredelemnul
Zin
The Shining One
Jiyva
Lugonu

Shops:
D:2 ?   D:7 !*!   Orc:2 *([=   Elf:1 [   Elf:3 (   Vaults:2 :   Vaults:3 (
Vaults:4 :   Depths:2 !   Depths:3 :   Depths:4 =!*

Portals:
Hell: Depths:1 Depths:2 Depths:3 Depths:4
Abyss: Depths:1 Depths:2 Depths:3
Pandemonium: Depths:2 Depths:3
Ziggurat: Depths:1

Annotations:
D:3 exclusion: downstairs
Lair:3 exclusion: 2 oklob plants
Elf:2 4 runed translucent doors, Lobster4's ghost, adept HOFi
Vaults:3 1 runed translucent door, howech's ghost, veteran MiGl
Depths:1 exclusions: hell knight and 4 more exclusions
Zot:3 2 transporters, exclusion: orange crystal statue


Innate Abilities, Weirdness & Mutations

You are completely covered in rugged brown scales. (AC +3, +7% HP)
Armour fits poorly on your strangely shaped body.
You have a long armoured tail.
You roll when moving toward enemies. (Rampage)
Your long tongue fully drains potion bottles. (2x potion effects)
Your tongue gives you trouble enunciating. (1.5x scroll delay)
Your tail ends in a venomous barb.
You are partially covered in iridescent scales. (AC +2)
You have a somewhat thin skeletal structure. (Dex +2, Stealth+)
Your body sometimes deteriorates upon taking damage.
Your muscles are strong. (Str +4, Int/Dex -1)
Your spells are a little harder to cast, but a little more powerful.


Message History

You kill the red devil!
Trog accepts your kill.
There is a stone staircase leading up here.
You climb upwards.
There is a stone staircase leading down here.
(D) Dungeon (T) Temple (L) Lair (S) Swamp (N) Spider Nest (M) Slime Pits (O) Orcish Mines (E) Elven Halls (V) Vaults (C) Crypt (U) Depths (H) Hell (Z) Zot
Where to? (Enter - D:1 @ (x,y), ? - help)
A hell beast comes into view.
There is an escape hatch in the ceiling here.
A mysterious force pulls you upwards. The hatch slams shut behind you.
(D) Dungeon (T) Temple (L) Lair (S) Swamp (N) Spider Nest (M) Slime Pits (O) Orcish Mines (E) Elven Halls (V) Vaults (C) Crypt (U) Depths (H) Hell (Z) Zot
Where to? (Enter - D:1 @ (x,y), ? - help)
Things that are here:
a +0 sling; a +0 club; a +0 halberd You see here a +0 sling.
There is a stone staircase leading up here.
You climb upwards.
There is a stone staircase leading down here.
There is a stone staircase leading up here.
You climb upwards.
Level annotation: exclusion: downstairs
There is a stone staircase leading down here.
There is a stone staircase leading up here.
You climb upwards.
There is a stone staircase leading down here.
There is an escape hatch in the ceiling here.
There is an open door here.
There is an open door here.
There is a stone staircase leading up here.
You climb upwards.
There is a stone staircase leading down here.
You see here a +0 dagger.
There is a staircase leading out of the dungeon here.
You have escaped!

#.### ##.#############
#...## ##.#
#######.#..#######..###
.......>#.............#
#######....#.......#..#
#.#.###.....###.#
####.#..#.......#..#
##.)..#.............#
#..##........#@.....#
##.####..)...###.....#
#..# ##.....>#......#
#..# #.............#
#..### #..#.......#..#
##....# #.###.....###.##
...##.###..#.......#...#
#####..##..............#
##.................#


There were no monsters in sight!

Vanquished Creatures
  the Royal Jelly (Slime:5)
  3 ancient liches
  An orb of fire (Zot:5)
  2 juggernauts (Depths:2)
  Boris (thrice) (Vaults:2 Vaults:3 Depths:4)
  2 Killer Klowns (Zot:5)
  Saint Roka (Vaults:3)
  Head Instructor (WizLab)
  2 curse toes
  10 golden dragons
  2 electric golems
  Rupert (D:13)
  15 tentacled monstrosities
  21 Orb Guardians (Zot:5)
  9 liches
  2 Ice Fiends
  5 quicksilver dragons
  7 titans
  2 deep elf blademasters (Elf:3)
  2 deep elf master archers (Elf:3)
  7 death cobs
  5 sphinxes
  14 acid blobs
  An Executioner (D:11)
  6 tengu reavers
  7 shadow dragons
  An ancient champion (Depths:2)
  The ghost of Wale the Gelid, an adept DrIE of Vehumet (Spider:3)
  12 storm dragons
  Roxanne (Spider:2)
  8 draconian monks
  3 thorn hunters
  Donald (Elf:1)
  A fenstrider witch (Swamp:2)
  2 draconian knights
  4 azure jellies
  3 fire giants
  3 rockslimes
  7 deep elf sorcerers
  3 draconian scorchers
  10 frost giants
  21 vault wardens
  3 emperor scorpions (Spider:2)
  3 ghost moths
  3 deep elf elementalists
  Louise (Elf:3)
  3 iron dragons
  An angel (Zot:5)
  5 draconian shifters
  A ghoul (Swamp:3)
  7 draconian annihilators
  3 orc warlords
  Aizul (Elf:3)
  The ghost of sokol815 the Severer, a journeyman DsCK of Xom (D:12)
  6 draconian stormcallers
  5 war gargoyles
  A reaper (Zot:5)
  14 very ugly things
  11 stone giants
  12 ironbound thunderhulks
  31 ironbound preservers
  7 broodmothers
  8 quicksilver oozes
  4 vampire knights
  The ghost of Jackthecabe the Wallflower, a journeyman VSBr of Uskayaw (Swamp:2)
  5 green draconians
  11 deep elf demonologists
  Azrael (D:13)
  10 black draconians
  5 eleionomae
  The ghost of Paptupha the Markself, a journeyman DEHu of Hepliaklqana (Orc:1)
  6 deep elf annihilators
  9 red draconians
  7 yellow draconians
  7 purple draconians
  9 white draconians
  4 bunyips
  A minotaur (Gauntlet)
  8 spark wasps
  8 dire elephants
  A blizzard demon (Depths:2)
  Snorg (D:13)
  10 entropy weavers
  5 deep elf death magi
  2 crystal guardians (Vaults:3)
  6 ettins
  Josephine (Lair:4)
  2 shambling mangroves
  4 fire dragons
  5 ice dragons
  16 great orbs of eyes
  2 deep elf high priests
  6 rakshasas
  15 hydras
  15 yaktaur captains
  13 ironbound frosthearts
  30 vault guards
  2 ghost crabs
  2 hell beasts (Depths:2)
  4 peacekeepers
  A radroach (Spider:1)
  4 boulder beetles
  5 spriggan air magi
  4 catoblepae
  23 centaur warriors
  The ghost of Dittersdorf the Blocker, a journeyman GrFi of Okawaru (D:10)
  Erica (D:8)
  4 tengu warriors
  10 alligators
  10 two-headed ogres
  6 deep troll earth magi
  A jorogumo (Spider:4)
  17 dancing weapons
  5 deep troll shamans
  A hell hog (Depths:2)
  An orc high priest (Orc:1)
  5 spriggan berserkers
  10 death yaks
  13 hell knights
  Sonja (Orc:1)
  2 vampire magi
  A soul eater (Depths:1)
  The ghost of Bediveer the Transmogrifier, a novice DrTm (D:8)
  3 salamander mystics
  Nergalle (D:12)
  11 deep elf knights
  9 pharaoh ants
  A shadow wraith (Vaults:5)
  2 skeletal warriors (Depths:2)
  A golden dragon zombie (Depths:3)
  2 sun demons (Depths:1)
  8 goliath frogs
  6 iron trolls
  A spark wasp zombie (Depths:3)
  4 glowing orange brains
  A sun moth (Spider:4)
  11 swamp dragons
  8 orb spiders
  Lodul (D:10)
  A flayed ghost (Vaults:5)
  6 spriggan druids
  80 deep trolls
  An orange crystal statue (IceCv)
  7 steelbarb worms
  6 bog bodies
  11 orc knights
  5 phantasmal warriors
  16 deep elf archers
  10 lindwurms
  4 harpies (Vaults:1)
  12 wizards
  14 ironbound convokers
  26 deep elf pyromancers
  25 deep elf zephyrmancers
  17 necromancers
  4 orc sorcerers
  19 wolf spiders
  6 will-o-the-wisps
  32 ugly things
  3 shining eyes (Slime:5)
  2 wolf spiders (shapeshifter) (Vaults:5)
  5 mana vipers (WizLab)
  3 cyclopes
  3 manticores
  18 moths of wrath
  5 salamanders
  A cyclops (shapeshifter) (Vaults:5)
  22 elephants
  5 black mambas
  A human skeleton (Vaults:1)
  9 demonic crawlers
  2 frost giant skeletons (Vaults:1)
  3 naga magi (WizLab)
  Maurice (Orc:1)
  2 smoke demons (Depths:1)
  17 vault sentinels
  An eye of devastation (shapeshifter) (Vaults:5)
  9 cane toads
  A rust devil (Depths:2)
  9 eyes of devastation
  8 torpor snails
  A gargoyle (Gauntlet)
  2 unseen horrors
  A kobold demonologist (D:13)
  Maggie (D:6)
  5 tengu conjurers
  5 komodo dragons
  36 yaktaurs
  20 rime drakes
  2 efreet
  An anaconda simulacrum (Spider:1)
  A tormentor (D:10)
  3 red devils
  18 polar bears
  A meliai (shapeshifter) (Vaults:5)
  3 meliai (Spider:4)
  A sphinx simulacrum (Depths:3)
  A hellwing (Depths:2)
  10 tyrant leeches
  13 trolls
  31 tarantellas
  29 hornets
  14 blink frogs
  A raiju (shapeshifter) (Vaults:5)
  17 jumping spiders
  A culicivora (shapeshifter) (Vaults:5)
  A dream sheep (shapeshifter) (Gauntlet)
  19 spriggans
  2 air elementals (Elf:3)
  18 flying skulls (Zot:1)
  62 slime creatures
  A water elemental (Elf:2)
  A wyvern (shapeshifter) (Vaults:5)
  5 wraiths
  24 culicivoras
  A spriggan (shapeshifter) (Depths:4)
  Sigmund (D:6)
  A dire elephant simulacrum (Spider:1)
  2 shadows (D:10)
  A neqoxec (D:10)
  A wyvern (Lair:4)
  60 yaks
  6 fire bats (Volcano)
  14 vampire mosquitoes
  6 basilisks
  A fire bat (shapeshifter) (D:10)
  5 fire elementals
  A hog (shapeshifter) (Gauntlet)
  3 steam dragons
  55 redbacks
  Menkaure (D:6)
  A swamp worm (shapeshifter) (Depths:1)
  Edmund (D:4)
  A harpy simulacrum (Spider:1)
  17 swamp worms
  9 wargs
  16 water moccasins
  4 floating eyes
  40 orc warriors
  11 swamp drakes
  A swamp drake (shapeshifter) (Gauntlet)
  2 black bears
  An alligator simulacrum (Spider:1)
  3 boggarts (Vaults:2)
  17 centaurs
  6 wolves (Lair:1)
  17 ogres
  4 phantoms
  2 kobold brigands
  5 bullfrogs
  7 earth elementals
  4 necrophages
  A gnoll sergeant (D:8)
  3 scorpions
  4 wights
  A human simulacrum (Vaults:1)
  2 lindwurm simulacra (Spider:1)
  4 killer bees (D:8)
  A spectral centaur (D:8)
  4 howler monkeys
  7 lava snakes (Volcano)
  A centaur zombie (Ossuary)
  11 jellies
  A hound (shapeshifter) (D:10)
  A human zombie (Ossuary)
  3 hounds
  2 centaur skeletons (D:8)
  A gnoll bouda (D:5)
  32 orc priests
  Ijyb (D:5)
  6 iguanas
  An iguana (shapeshifter) (Depths:4)
  30 orc wizards
  5 mummies (Ossuary)
  11 gnolls
  A howler monkey zombie (D:8)
  11 adders
  A gnoll (shapeshifter) (D:10)
  2 shadow imps
  A white imp (D:6)
  2 worms
  2 dart slugs
  123 orcs
  6 bats
  9 endoplasms
  7 giant cockroaches
  14 goblins
  6 hobgoblins
  10 jackals (D:1)
  A jackal (shapeshifter) (D:10)
  12 kobolds
  A quokka (D:1)
  3 ball pythons
  2 frilled lizards
  A gnoll zombie (Ossuary)
  A goblin zombie (Ossuary)
  2 kobold zombies (Ossuary)
  2 orc zombies (Ossuary)
  5 rats
  A briar patch (Swamp:4)
2246 creatures vanquished.

Vanquished Creatures (collateral kills)
  2 orbs of fire (Zot:5)
  An ancient lich (Zot:5)
  2 Killer Klowns (Zot:5)
  Nikola (Elf:3)
  Arachne (Spider:3)
  An electric golem (Zot:5)
  2 Hell Sentinels
  4 Orb Guardians (Zot:5)
  The ghost of Bas Nemm the Warrior, an adept MiFi of Okawaru (Spider:3)
  2 tengu reavers (Vaults:5)
  An emperor scorpion (Spider:2)
  A deep elf sorcerer (Elf:3)
  An azure jelly (Slime:5)
  2 vault wardens (Vaults:5)
  2 deep elf elementalists (Elf:3)
  A very ugly thing (Depths:2)
  A deep elf demonologist (Elf:3)
  A deep elf annihilator (Elf:3)
  A deep elf death mage (Elf:3)
  An entropy weaver (Spider:3)
  A yaktaur captain (Vaults:5)
  A hydra (Lair:4)
  An ogre mage (WizLab)
  2 death yaks (Lair:1)
  A hell knight (Depths:4)
  2 spriggans (Swamp:1)
  4 skeletal warriors (D:12)
  An orb spider (Spider:3)
  A deep elf pyromancer (D:15)
  A deep elf zephyrmancer (Elf:3)
  An ugly thing (Depths:2)
  2 wolf spiders (Spider:1)
  7 slime creatures
  7 elephants (Lair:5)
  A vault sentinel (Vaults:5)
  A torpor snail (Spider:1)
  2 yaktaurs (Vaults:5)
  A komodo dragon (Lair:5)
  An anaconda simulacrum (Spider:1)
  3 tarantellas (Spider:3)
  3 hornets
  A culicivora (Spider:3)
  2 wraiths (Lair:4)
  2 yaks (Lair:3)
  A minotaur simulacrum (Spider:1)
  A redback (Spider:3)
  A warg (D:9)
  A water moccasin (Lair:5)
  A swamp drake (Lair:5)
  An orc priest (D:7)
  An iguana (Lair:5)
85 creatures vanquished.

Vanquished Creatures (others)
  A Killer Klown (Zot:5)
  A draconian shifter (Zot:4)
  A yaktaur captain (Vaults:4)
  A vault guard (Vaults:5)
  A centaur warrior (D:13)
  A deep troll (Vaults:5)
  2 deep elf zephyrmancers
  A cyclops (D:13)
  A bloated husk (Swamp:3)
  A fire elemental (D:13)
  2 hell hounds (D:13)
  A swamp worm (Swamp:3)
  A swamp drake (Lair:5)
  A sky beast (D:7)
  An iguana (Lair:5)
  2 orcs (Orc:2)
  4 briar patches (Swamp:2)
  A bush (Lair:5)
  12 foxfires (Swamp:4)
  26 fungi
  69 plants
131 creatures vanquished.

Grand Total: 2462 creatures vanquished

Notes
Turn   | Place    | Note
-------+----------+-------------------------------------------
     0 | D:1      | ragingrage the Armataur Berserker began the quest for the
                  | Orb.
     0 | D:1      | Reached XP level 1. HP: 19/19 MP: 1/1
    78 | D:1      | Reached XP level 2. HP: 23/26 MP: 2/2
   175 | D:1      | Reached skill level 3 in Fighting
   214 | D:1      | Reached ** piety under Trog
   324 | D:1      | Reached XP level 3. HP: 30/33 MP: 3/3
   952 | D:2      | Found Ferhoz's Magic Scroll Shoppe.
   958 | D:2      | Bought a scroll of teleportation for 36 gold pieces
  1086 | D:2      | Reached XP level 4. HP: 25/40 MP: 4/4
  1445 | D:2      | Reached skill level 1 in Stealth
  1916 | D:3      | Reached *** piety under Trog
  2118 | D:3      | Reached XP level 5. HP: 39/48 MP: 5/5
  2755 | D:2      | Bought a scroll of blinking for 90 gold pieces
  2782 | D:4      | Noticed Edmund
  2829 | D:4      | Noticed a phantom
  2843 | D:4      | Killed a phantom
  2939 | D:4      | Reached XP level 6. HP: 51/54 MP: 6/6
  3097 | D:4      | Killed Edmund
  3098 | D:4      | Reached skill level 5 in Long Blades
  3181 | D:3      | Reached XP level 7. HP: 37/59 MP: 7/7
  3655 | D:5      | Entered Level 5 of the Dungeon
  4040 | D:5      | Noticed Ijyb
  4048 | D:5      | Killed Ijyb
  4049 | D:5      | Reached XP level 8. HP: 67/67 MP: 8/8
  4054 | D:5      | Found a glowing golden altar of the Shining One.
  4088 | D:5      | Found a hazy altar of Hepliaklqana.
  4396 | D:5      | Found a staircase to the Ecumenical Temple.
  4691 | D:6      | Noticed Menkaure
  4700 | D:6      | Killed Menkaure
  4839 | D:6      | Found a shimmering blue altar of Sif Muna.
  4839 | D:6      | Noticed a white ugly thing
  4850 | D:6      | Killed a white ugly thing
  4851 | D:6      | Reached skill level 10 in Long Blades
  4851 | D:6      | Reached skill level 5 in Stealth
  4851 | D:6      | Reached XP level 9. HP: 74/74 MP: 9/9
  4870 | D:6      | Found a sand-covered staircase.
  4875 | Ossuary  | Entered an ossuary
  4962 | Ossuary  | Reached **** piety under Trog
  5378 | D:6      | Found an opulent altar of Gozag.
  5400 | D:6      | Found a broken altar of Ashenzari.
  5740 | D:6      | Noticed Maggie
  5754 | D:6      | Killed Maggie
  6226 | D:6      | Noticed Sigmund
  6234 | D:6      | Killed Sigmund
  7383 | D:7      | Found a hazy altar of Hepliaklqana.
  7533 | D:7      | You fall into a shaft and drop 2 floors!
  7696 | D:9      | Reached XP level 10. HP: 18/82 MP: 10/10
  8006 | D:9      | Found a staircase to the Lair.
  8704 | D:9      | Noticed a two-headed ogre
  9003 | D:9      | Killed a two-headed ogre
  9263 | D:9      | Found a staircase to the Orcish Mines.
  9738 | D:8      | Noticed Erica
  9752 | D:8      | Killed Erica
  9827 | D:8      | Reached ***** piety under Trog
 10201 | D:8      | Reached skill level 1 in Evocations
 10214 | D:8      | Reached skill level 1 in Throwing
 10745 | D:8      | Found a runed translucent gate.
 10745 | D:8      | Found a runed translucent gate.
 10746 | D:8      | Found a runed translucent gate.
 10748 | D:8      | Noticed Bediveer's ghost (novice DrTm)
 10959 | D:7      | Noticed a two-headed ogre
 10972 | D:7      | Killed a two-headed ogre
 10973 | D:7      | Reached XP level 11. HP: 35/88 MP: 11/11
 11023 | D:7      | Reached skill level 4 in Fighting
 11153 | D:7      | Found Plog's Distillery.
 11162 | D:7      | Bought 2 potions of lignification for 84 gold pieces
 11211 | D:7      | Found Panuic's General Store.
 11219 | D:7      | Bought a scroll of teleportation for 45 gold pieces
 11267 | D:7      | Found Jyul's Distillery.
 11430 | Lair:1   | Entered Level 1 of the Lair of Beasts
 11598 | Lair:1   | Found a dark tunnel.
 11619 | Volcano  | Entered a volcano
 11701 | Volcano  | Reached skill level 5 in Armour
 11772 | Volcano  | Noticed a centaur warrior
 11773 | Volcano  | Noticed a red draconian
 11790 | Volcano  | Killed a centaur warrior
 11804 | Volcano  | Killed a red draconian
 11983 | Volcano  | Found a burning altar of Makhleb.
 12097 | Volcano  | Reached skill level 5 in Fighting
 13148 | Lair:1   | Noticed a death yak
 13148 | Lair:1   | Noticed a death yak
 13148 | Lair:1   | Noticed a death yak
 13149 | Lair:1   | Noticed a death yak
 13160 | Lair:1   | Killed a death yak
 13165 | Lair:1   | Killed a death yak
 13166 | Lair:1   | Reached XP level 12. HP: 100/100 MP: 12/12
 13166 | Lair:1   | Noticed a death yak
 13167 | Lair:1   | Noticed a death yak
 13169 | Lair:1   | Killed a death yak
 13173 | Lair:1   | Killed a death yak
 13201 | Lair:1   | Killed a death yak
 13202 | Lair:1   | Reached skill level 5 in Evocations
 13209 | Lair:1   | Killed a death yak
 13492 | Lair:2   | Found a staircase to the Swamp.
 13502 | Lair:1   | Reached skill level 6 in Fighting
 14133 | Lair:2   | Reached skill level 5 in Throwing
 14706 | Lair:3   | Found a hole to the Spider Nest.
 15016 | Lair:3   | Identified a scroll of acquirement
 15026 | Lair:3   | Acquired a +2 demon blade of draining
 15366 | Lair:3   | Reached skill level 10 in Stealth
 15373 | Lair:3   | Reached skill level 7 in Fighting
 15708 | Lair:3   | Found a blossoming altar of Fedhas.
 16224 | Lair:4   | Reached skill level 1 in Shields
 16224 | Lair:4   | Reached XP level 13. HP: 112/112 MP: 13/13
 16427 | Lair:4   | Reached skill level 5 in Dodging
 16765 | Lair:4   | Noticed Josephine
 16774 | Lair:4   | Killed Josephine
 16808 | Lair:4   | Reached skill level 8 in Fighting
 16808 | Lair:4   | Reached skill level 10 in Armour
 17494 | Lair:5   | Entered Level 5 of the Lair of Beasts
 17528 | Lair:4   | Reached skill level 5 in Shields
 17590 | Lair:5   | Reached skill level 9 in Fighting
 17591 | Lair:5   | Received a gift from Trog
 17626 | Lair:5   | Reached skill level 10 in Fighting
 17655 | Lair:5   | Found a gate leading to a gauntlet.
 17665 | Gauntlet | Entered a Gauntlet
 17665 | Gauntlet | Found a transporter.
 17665 | Gauntlet | Found a transporter.
 17804 | Gauntlet | Found a transporter.
 17816 | Gauntlet | Found a runed translucent door.
 17819 | Gauntlet | Found a transporter.
 17821 | Gauntlet | Found a transporter.
 17830 | Gauntlet | Found a transporter.
 17833 | Gauntlet | Found a transporter.
 17841 | Gauntlet | Found a transporter.
 17843 | Gauntlet | Noticed a quicksilver ooze
 17858 | Gauntlet | Found a transporter.
 17872 | Gauntlet | Found a transporter.
 17876 | Gauntlet | Found a transporter.
 17884 | Gauntlet | Found a transporter.
 18064 | Gauntlet | Killed a quicksilver ooze
 18067 | Gauntlet | Identified the +1 cloak of the Catamount {+Blink rElec
                  | Stlth+}
 18168 | Gauntlet | Noticed a minotaur
 18186 | Gauntlet | Killed a minotaur
 18198 | Gauntlet | Identified the +7 long sword of Outrage {drain, Fly rElec
                  | rPois Int-2}
 18374 | Lair:4   | Reached XP level 14. HP: 80/129 MP: 14/14
 19300 | Lair:5   | Found a runed translucent door.
 20152 | Lair:5   | Found a runed translucent door.
 20152 | Lair:5   | Found a viscous altar of Jiyva.
 20155 | Lair:5   | Found a staircase to the Slime Pits.
 21621 | Orc:1    | Entered Level 1 of the Orcish Mines
 21702 | Orc:1    | Reached skill level 11 in Fighting
 21850 | Orc:1    | Paralysed by an orc sorcerer for 2 turns
 22109 | Orc:1    | Noticed Maurice
 22117 | Orc:1    | Killed Maurice
 22174 | Orc:1    | Noticed Paptupha's ghost (journeyman DEHu)
 22274 | Orc:1    | Found a transporter.
 22279 | Orc:1    | Identified the +3 great mace "Jellybane" {protect, rC-
                  | Str+3 Dex+4}
 22314 | Orc:1    | Found a transporter.
 22371 | Orc:2    | Entered Level 2 of the Orcish Mines
 22700 | Orc:2    | Found a staircase to the Elven Halls.
 22810 | Orc:2    | Found Ceevvu's Jewellery Shoppe.
 22961 | Orc:1    | Noticed Sonja
 22965 | Orc:1    | Killed Sonja
 23050 | Orc:2    | Found Leimp's General Store.
 23669 | Orc:2    | Received a gift from Trog
 24058 | Orc:2    | Noticed an orc warlord
 24197 | Orc:2    | Killed an orc warlord
 24275 | Orc:2    | Found Kaneczed's Antique Weapon Shop.
 24277 | Orc:2    | Found Buudaut's Antique Armour Boutique.
 24290 | Orc:2    | Bought the +0 pair of fencer's gloves {Riposte Dex+3} for
                  | 680 gold pieces
 24290 | Orc:2    | Found the +0 pair of fencer's gloves {Riposte Dex+3}
 24346 | Orc:2    | Bought a condenser vane for 520 gold pieces
 24451 | D:10     | Entered Level 10 of the Dungeon
 24457 | D:10     | Reached XP level 15. HP: 139/139 MP: 15/15
 24598 | D:10     | Identified the +3 trident of Responsibility {pain, Str+3}
 24664 | D:10     | Noticed Lodul
 24679 | D:10     | Killed Lodul
 24827 | D:10     | Found a runed translucent gate.
 24827 | D:10     | Found a runed translucent gate.
 24827 | D:10     | Found a runed translucent gate.
 24968 | D:10     | Found a runed translucent gate.
 24968 | D:10     | Found a runed translucent gate.
 24971 | D:10     | Found a runed translucent gate.
 24993 | D:10     | Noticed Dittersdorf's ghost (journeyman GrFi)
 25833 | D:11     | Found the +3 warlock's mirror {omnireflect}
 26108 | D:11     | Received a gift from Trog
 26415 | D:12     | Noticed Nergalle
 26424 | D:12     | Killed Nergalle
 26760 | D:12     | Found a runed translucent gate.
 26760 | D:12     | Found a runed translucent gate.
 26760 | D:12     | Found a runed translucent gate.
 26761 | D:12     | Noticed sokol815's ghost (journeyman DsCK)
 26990 | D:13     | Found a shimmering altar of Xom.
 27293 | D:13     | Noticed Rupert
 27293 | D:13     | Paralysed by Rupert for 5 turns
 27312 | D:13     | Killed Rupert
 27381 | D:13     | Reached skill level 12 in Fighting
 27543 | D:13     | Noticed Snorg
 27551 | D:13     | Killed Snorg
 27767 | D:13     | Noticed Azrael
 27782 | D:13     | Killed Azrael
 28809 | D:14     | Found an iron altar of Okawaru.
 28826 | D:14     | Acquired the +4 barding "Sadobbog" {Dex+5}
 28965 | D:14     | Found a gate to the Vaults.
 29006 | D:15     | Entered Level 15 of the Dungeon
 29149 | D:15     | Reached XP level 16. HP: 133/149 MP: 13/16
 29268 | D:15     | Found a shadowy altar of Dithmenos.
 29335 | D:15     | Found a staircase to the Depths.
 29770 | Swamp:1  | Entered Level 1 of the Swamp
 29927 | Swamp:1  | Received a gift from Trog
 30423 | Swamp:1  | Noticed a tentacled monstrosity
 30445 | Swamp:1  | Killed a tentacled monstrosity
 30574 | Swamp:1  | Reached ****** piety under Trog
 30662 | Swamp:1  | Reached skill level 10 in Evocations
 31181 | Swamp:2  | Reached skill level 10 in Shields
 31251 | Swamp:2  | Found a runed translucent door.
 31417 | Swamp:2  | Found a shimmering altar of Xom.
 31417 | Swamp:2  | Noticed Jackthecabe's ghost (journeyman VSBr)
 31448 | Swamp:2  | Noticed a thorn hunter
 31517 | Swamp:2  | Killed a thorn hunter
 31686 | Swamp:2  | Received a gift from Trog
 32192 | Swamp:3  | Reached skill level 13 in Fighting
 33091 | Swamp:3  | Found an ornate altar of the Wu Jian Council.
 33231 | Swamp:3  | Acquired the ring of the Queen {rElec rF+ MP+9 Str+4}
 33388 | Swamp:4  | Entered Level 4 of the Swamp
 33525 | Swamp:4  | Noticed a thorn hunter
 33601 | Swamp:4  | Killed a thorn hunter
 33776 | Swamp:4  | Reached XP level 17. HP: 158/160 MP: 17/17
 33833 | Swamp:4  | Reached skill level 15 in Armour
 33929 | Swamp:4  | Received a gift from Trog
 34399 | Swamp:4  | Got a decaying rune of Zot
 34787 | Spider:1 | Entered Level 1 of the Spider Nest
 35077 | Spider:1 | Found a frozen archway.
 35320 | IceCv    | Entered an ice cave
 36198 | IceCv    | Reached skill level 14 in Fighting
 36303 | IceCv    | Received a gift from Trog
 36836 | IceCv    | Identified the ring "Xiniuw" {rElec rC+ Will+ Str+2 Slay+2}
 38190 | Spider:2 | Identified Roxanne's Precepts of Minerals
 38190 | Spider:2 | Noticed Roxanne
 38611 | Spider:2 | Reached XP level 18. HP: 172/172 MP: 18/18
 39114 | Spider:2 | Identified the +1 scale mail of Ikos Qesch {rC+++ Str-3
                  | Dex+4}
 39309 | Spider:2 | Killed Roxanne
 39590 | Spider:3 | Received a gift from Trog
 39673 | Spider:3 | Found a runed translucent gate.
 39673 | Spider:3 | Found a runed translucent gate.
 39673 | Spider:3 | Found a runed translucent gate.
 39673 | Spider:3 | Noticed Wale's ghost (adept DrIE)
 39673 | Spider:3 | Noticed Bas Nemm's ghost (adept MiFi)
 39681 | Spider:3 | Noticed Arachne
 39697 | Spider:3 | Reached skill level 15 in Fighting
 39702 | Spider:3 | Killed Arachne
 40251 | Spider:3 | Reached skill level 10 in Dodging
 40664 | Spider:4 | Entered Level 4 of the Spider Nest
 40959 | Spider:4 | Received a gift from Trog
 41014 | Spider:4 | Reached skill level 10 in Throwing
 42284 | Spider:4 | Got a gossamer rune of Zot
 42543 | Elf:1    | Entered Level 1 of the Elven Halls
 42627 | Elf:1    | Identified the +6 falchion "Gram" {heavy, Str+3} (Trog
                  | gifted it to you on level 1 of the Elven Halls)
 42627 | Elf:1    | Received a gift from Trog
 42645 | Elf:1    | Found Viucett's Antique Armour Emporium.
 42652 | Elf:1    | Bought the +0 mask of the Dragon {Will+ Slay+3 SInv} for
                  | 868 gold pieces
 42652 | Elf:1    | Found the +0 mask of the Dragon {Will+ Slay+3 SInv}
 42773 | Elf:1    | Reached XP level 19. HP: 160/181 MP: 19/19
 43182 | Elf:1    | Noticed a Brimstone Fiend
 43560 | Elf:1    | Noticed Donald
 43570 | Elf:1    | Killed Donald
 43570 | Elf:1    | Received a gift from Trog
 43811 | Elf:2    | Found a runed translucent door.
 43815 | Elf:2    | Found a shimmering altar of Xom.
 43817 | Elf:2    | Noticed Lobster4's ghost (adept HOFi)
 44250 | Elf:2    | Found a runed translucent gate.
 44253 | Elf:2    | Found a runed translucent gate.
 44254 | Elf:2    | Found a runed translucent gate.
 44453 | Elf:3    | Entered Level 3 of the Elven Halls
 44506 | Elf:3    | Paralysed by an air elemental for 1 turns
 44508 | Elf:3    | Paralysed by an air elemental for 1 turns
 44532 | Elf:3    | Noticed Nikola
 44549 | Elf:3    | Killed Nikola
 44573 | Elf:3    | Noticed a Brimstone Fiend
 44652 | Elf:3    | Identified the +0 scale mail of Hangman {Will++ Int-2
                  | Slay+5}
 44658 | Elf:3    | Identified the ring "Osadgh" {rPois Will- rCorr Dex+2}
 44800 | Elf:3    | Identified the +10 scimitar of Bodily Harmony {flame, rElec
                  | rCorr Int-3 SInv} (Trog gifted it to you on level 3 of the
                  | Elven Halls)
 44800 | Elf:3    | Received a gift from Trog
 44840 | Elf:3    | Reached skill level 15 in Stealth
 44846 | Elf:3    | Identified the +2 lajatang of Noon {holy, Will++}
 44870 | Elf:3    | Identified the ring "Leirecs" {rElec rF+ rN++ MP-9 Int+2}
 44870 | Elf:3    | Identified the +10 shortbow "Widowmaker" {drain, Fly Dex+2}
 44894 | Elf:3    | Noticed Louise
 45212 | Elf:3    | Identified the +0 leather armour "Cuipnopn" {rElec Regen+
                  | Dex-4}
 45234 | Elf:3    | Killed Louise
 45239 | Elf:3    | Received a gift from Trog
 45425 | Elf:3    | Found Vysabor's Weapon Boutique.
 45478 | Elf:3    | Found the +1 cloak of Starlight {*Dazzle EV+4 Stlth--}
 45816 | Elf:3    | Noticed Aizul
 45831 | Elf:3    | Killed Aizul
 46738 | Vaults:1 | Entered Level 1 of the Vaults
 46769 | Vaults:1 | Reached XP level 20. HP: 171/190 MP: 17/20
 47356 | Vaults:1 | Received a gift from Trog
 48249 | Vaults:1 | Identified the +5 scale mail of Past Mistakes {rElec rC++
                  | Will-}
 48786 | Vaults:2 | Received a gift from Trog
 49234 | Vaults:2 | Reached skill level 15 in Evocations
 49405 | Vaults:2 | Found Totaa's Book Boutique.
 49532 | Vaults:2 | Received a gift from Trog
 49861 | Vaults:2 | Noticed Boris
 49872 | Vaults:2 | Killed Boris
 50246 | Vaults:2 | Found a staircase to the Crypt.
 50246 | Vaults:2 | Found a basalt altar of Yredelemnul.
 50247 | Vaults:2 | Found an ancient bone altar of Kikubaaqudgha.
 50444 | Vaults:3 | Reached XP level 21. HP: 186/196 MP: 19/21
 50630 | Vaults:3 | Noticed Boris
 50646 | Vaults:3 | Killed Boris
 51043 | Vaults:3 | Noticed Saint Roka
 51056 | Vaults:3 | Killed Saint Roka
 51327 | Vaults:3 | Found Iraschin's Weapon Emporium.
 51359 | Vaults:3 | Received a gift from Trog
 51360 | Vaults:3 | Reached skill level 15 in Dodging
 51665 | Vaults:3 | Found a runed translucent door.
 51665 | Vaults:3 | Found a shimmering altar of Xom.
 51665 | Vaults:3 | Noticed howech's ghost (veteran MiGl)
 51712 | Vaults:3 | Noticed a golden dragon
 52607 | Vaults:4 | Reached skill level 16 in Fighting
 53072 | Vaults:4 | Received a gift from Trog
 53086 | Vaults:4 | Reached skill level 17 in Fighting
 53139 | Vaults:4 | Found Gasep's Book Emporium.
 53611 | Depths:1 | Entered Level 1 of the Depths
 53644 | Depths:1 | Found a one-way gateway to a ziggurat.
 53741 | Depths:1 | Found a gateway to Hell.
 53795 | Depths:1 | Found a one-way gate to the infinite horrors of the Abyss.
 53799 | Depths:1 | Found a flickering gateway to a bazaar.
 53843 | Bazaar   | Entered a bazaar
 53845 | Bazaar   | Found Nulloc's Armour Boutique.
 53849 | Bazaar   | Found Huar's Armour Boutique.
 53849 | Bazaar   | Found Yddyupt's Distillery.
 53850 | Bazaar   | Found Wagruf's Assorted Antiques.
 53855 | Bazaar   | Bought a potion of curing for 42 gold pieces
 53855 | Bazaar   | Bought a potion of mutation for 112 gold pieces
 53855 | Bazaar   | Bought a potion of curing for 42 gold pieces
 53855 | Bazaar   | Bought a potion of resistance for 140 gold pieces
 53855 | Bazaar   | Bought a potion of haste for 140 gold pieces
 53855 | Bazaar   | Bought a potion of attraction for 42 gold pieces
 53865 | Bazaar   | Bought a wand of light (2) for 151 gold pieces
 54181 | Depths:1 | Found a sacrificial altar of Ru.
 54672 | Depths:2 | Received a gift from Trog
 54687 | Depths:2 | Noticed a juggernaut
 54711 | Depths:2 | Killed a juggernaut
 54712 | Depths:2 | Reached XP level 22. HP: 163/215 MP: 17/22
 54728 | Depths:2 | Reached skill level 18 in Fighting
 55114 | Depths:2 | Identified the ring "Plog" {rF+ rC+}
 55283 | Depths:2 | Noticed a juggernaut
 55304 | Depths:2 | Killed a juggernaut
 55336 | Depths:2 | Identified the +4 mace "Kotruuf" {elec, +Blink rC+ Str-4}
 55451 | Depths:2 | Found a hazy altar of Hepliaklqana.
 55642 | Depths:2 | Noticed a golden dragon
 55645 | Depths:2 | Reached skill level 19 in Fighting
 55659 | Depths:2 | Killed a golden dragon
 55783 | Depths:2 | Identified the +6 plate armour "Fith" {-Tele Str+7}
 55790 | Depths:2 | Identified the +10 great mace "Nafo Do Xyemm" {antimagic,
                  | rF+ Int+2}
 55790 | Depths:2 | Identified the +7 arbalest of the Foremost Knaves {penet,
                  | rElec rPois rF+ Dex+2}
 56046 | Depths:2 | Received a gift from Trog
 56388 | Depths:2 | Identified the +3 shortbow "Vodoc" {drain, rPois}
 56402 | Depths:2 | Noticed a golden dragon
 56410 | Depths:2 | Killed a golden dragon
 56505 | Depths:2 | Found a one-way gate leading to the halls of Pandemonium.
 56579 | Depths:2 | Found Fiatedgh's Distillery.
 56588 | Depths:2 | Bought a potion of haste for 200 gold pieces
 56947 | Depths:3 | Reached skill level 20 in Fighting
 56982 | Depths:3 | Found a magical portal.
 57012 | WizLab   | Entered Yara's Duelist Academy
 57332 | WizLab   | Noticed Unges
 57397 | WizLab   | Received a gift from Trog
 57455 | WizLab   | Identified the +8 whip of the Hierophant {venom, *Slow
                  | rCorr Str+4 Dex+3}
 57605 | WizLab   | Killed Unges the Head Instructor
 57996 | Depths:3 | Found a corrupted altar of Lugonu.
 58245 | Depths:3 | Found Hoefuada's Book Emporium.
 58291 | Depths:3 | Paralysed by a floating eye for 3 turns
 58557 | Depths:4 | Entered Level 4 of the Depths
 58569 | Depths:4 | Found Oqois's Distillery.
 58574 | Depths:4 | Found Pugearph's Jewellery Emporium.
 58581 | Depths:4 | Identified the +8 scimitar of Folist {flame, rF+} (Trog
                  | gifted it to you on level 4 of the Depths)
 58581 | Depths:4 | Received a gift from Trog
 58596 | Depths:4 | Reached XP level 23. HP: 209/230 MP: 19/23
 58599 | Depths:4 | Noticed Boris
 58614 | Depths:4 | Killed Boris
 58884 | Depths:4 | Bought a potion of heal wounds for 115 gold pieces
 58884 | Depths:4 | Bought a potion of resistance for 230 gold pieces
 59156 | Depths:4 | Found Oclijox's General Store.
 59164 | Depths:4 | Bought a scroll of blinking for 157 gold pieces
 59164 | Depths:4 | Bought a scroll of blinking for 157 gold pieces
 59228 | Depths:4 | Reached skill level 15 in Long Blades
 59361 | Depths:4 | Found a glowing silver altar of Zin.
 59420 | Depths:4 | Found a gate to the Realm of Zot.
 59707 | Depths:4 | Identified the +5 war axe "Weahor" {venom, Drain rElec rF+
                  | Str+2}
 60138 | Slime:1  | Entered Level 1 of the Pits of Slime
 60714 | Slime:1  | Received a gift from Trog
 61679 | Slime:3  | Paralysed by a floating eye for 4 turns
 62077 | Slime:5  | Entered Level 5 of the Pits of Slime
 62422 | Slime:5  | Found the +5 demon whip "Spellbinder" {antimagic, disrupt,
                  | Will+}
 62424 | Slime:5  | Found a viscous altar of Jiyva.
 62425 | Slime:5  | Noticed the Royal Jelly
 62456 | Slime:5  | Killed the Royal Jelly
 62750 | Slime:4  | Paralysed by a floating eye for 4 turns
 62915 | Slime:5  | Gained mutation: You are weak. (Str -2) [a shining eye]
 62947 | Slime:5  | Got a slimy rune of Zot
 62972 | Slime:5  | Identified the ring "Saroet" {Will+ Slay+4}
 63539 | Vaults:5 | Entered Level 5 of the Vaults
 63595 | Vaults:5 | Reached skill level 15 in Shields
 63682 | Vaults:5 | Received a gift from Trog
 63753 | Vaults:5 | Reached XP level 24. HP: 118/239 MP: 20/23
 64155 | Vaults:5 | Identified the +6 great sword of Hepliaklqana's Esteem
                  | {distort, rElec rPois Int+3}
 64157 | Vaults:5 | Received a gift from Trog
 64768 | Vaults:5 | Identified the +0 chain mail of Demons {-Tele rPois rF+++
                  | rCorr}
 65044 | Vaults:5 | Identified the +2 mace of the Purse {elec, rElec rC+}
 65058 | Vaults:5 | Got a silver rune of Zot
 65490 | Vaults:5 | Received a gift from Trog
 66367 | Depths:3 | Acquired a +0 vampiric double sword
 66721 | D:2      | Bought a scroll of teleportation for 36 gold pieces
 66721 | D:2      | Bought a scroll of enchant weapon for 90 gold pieces
 66721 | D:2      | Bought a scroll of enchant armour for 90 gold pieces
 67110 | Zot:1    | Entered Level 1 of the Realm of Zot
 67742 | Zot:1    | You fall into a shaft and drop 1 floor!
 67866 | Zot:1    | Identified the +3 long sword "Naplesid" {protect, Str+4
                  | Int+2}
 67978 | Zot:1    | Identified the +3 demon blade "Souvoit" {heavy, rElec}
                  | (Trog gifted it to you on level 1 of the Realm of Zot)
 67978 | Zot:1    | Received a gift from Trog
 68245 | Zot:1    | Noticed an ancient lich
 68255 | Zot:1    | Killed an ancient lich
 68256 | Zot:1    | Reached skill level 21 in Fighting
 68411 | Zot:1    | Acquired a manual of Throwing
 68703 | Zot:2    | Reached XP level 25. HP: 251/251 MP: 23/23
 70831 | Zot:3    | Found a transporter.
 70835 | Zot:3    | Found a transporter.
 71802 | Spider:3 | Killed Wale's ghost
 71806 | Spider:3 | Killed Bas Nemm's ghost
 71813 | Spider:3 | Identified the ring of the Crushed Quests {Ice Contam Str+3
                  | Stlth+}
 71994 | Swamp:2  | Killed Jackthecabe's ghost
 72157 | D:8      | Killed Bediveer's ghost
 72164 | D:8      | Identified the +7 hand axe "Jiobubaka" {antimagic, rElec
                  | Dex+3}
 72307 | D:10     | Killed Dittersdorf's ghost
 72549 | D:12     | Killed sokol815's ghost
 72742 | Orc:1    | Received a gift from Trog
 72752 | Orc:1    | Killed Paptupha's ghost
 73771 | Zot:4    | Reached skill level 22 in Fighting
 74025 | Zot:5    | Entered Level 5 of the Realm of Zot
 74268 | Zot:5    | Received a gift from Trog
 75306 | Zot:5    | Noticed a Killer Klown
 75308 | Zot:5    | Noticed an ancient lich
 75331 | Zot:5    | Killed an ancient lich
 75334 | Zot:5    | Killed a Killer Klown
 75456 | Zot:5    | Noticed a Killer Klown
 75458 | Zot:5    | Noticed an orb of fire
 75466 | Zot:5    | Noticed an ancient lich
 75470 | Zot:5    | Killed an orb of fire
 75482 | Zot:5    | Killed a Killer Klown
 75488 | Zot:5    | Killed an ancient lich
 75497 | Zot:5    | Noticed a Killer Klown
 75501 | Zot:5    | Killed a Killer Klown
 75831 | Zot:5    | Reached skill level 15 in Throwing
 76460 | Depths:4 | Bought a scroll of enchant armour for 157 gold pieces
 77274 | Zot:5    | Reached XP level 26. HP: 265/265 MP: 23/23
 77362 | Zot:5    | Noticed an orb of fire
 77375 | Zot:5    | Gained mutation: You are clumsy. (Dex -2) [an orb of fire]
 77399 | Zot:5    | Killed an orb of fire
 77404 | Zot:5    | Reached skill level 23 in Fighting
 77504 | Zot:5    | Lost mutation: You are weak. (Str -2) [potion of mutation]
 77504 | Zot:5    | Lost mutation: You are clumsy. (Dex -2) [potion of
                  | mutation]
 77504 | Zot:5    | Gained mutation: You have a somewhat thin skeletal
                  | structure. (Dex +2, Stealth+) [potion of mutation]
 77504 | Zot:5    | Gained mutation: Your body sometimes deteriorates upon
                  | taking damage. [potion of mutation]
 77504 | Zot:5    | Gained mutation: Your muscles are strong. (Str +4, Int/Dex
                  | -1) [potion of mutation]
 77504 | Zot:5    | Gained mutation: You are partially covered in iridescent
                  | scales. (AC +2) [potion of mutation]
 77504 | Zot:5    | Gained mutation: Your tail ends in a venomous barb. [potion
                  | of mutation]
 77504 | Zot:5    | Gained mutation: Your spells are a little harder to cast,
                  | but a little more powerful. [potion of mutation]
 77942 | Zot:5    | Noticed an orb of fire
 77956 | Zot:5    | Killed an orb of fire
 77977 | Zot:5    | Identified the +0 great sword of Ceulott {flame, Fragile
                  | rElec rF+++ rCorr} (Trog gifted it to you on level 5 of the
                  | Realm of Zot)
 77977 | Zot:5    | Received a gift from Trog
 77978 | Zot:5    | Noticed an ancient lich
 77981 | Zot:5    | Killed an ancient lich
 78233 | Zot:5    | Got the Orb of Zot
 78803 | D:$      | Escaped with the Orb!

Illustrated notes

Levels and vault maps discovered:
D:1:      minmay_arrival_five_plusses, layout_basic
D:2:      layout_basic, serial_shops, shop
D:3:      layout_basic
D:4:      cheibrodos_pilgrimage, layout_basic, st_stairs_7, uniq_edmund
D:5:      lemuel_ice_spiral_2, layout_basic, amethyst_overflow_temple_binary,
          minmay_temple_entry_nine_rooms, kennysheep_flooded_box, uniq_ijyb
D:6:      nicolae_cairo_tiling_very_big, layout_rooms,
          mainiacjoe_overflow_boulevard, enter_ossuary_5,
          hangedman_feature_mirror, uniq_menkaure, uniq_sigmund, uniq_maggie
D:7:      layout_rooms, serial_shops, shop, shop, shop, st_stairs_1,
          minmay_ruined_shrine
D:8:      layout_loops_ring, gammafunk_ghost_necromancy, uniq_erica
D:9:      layout_roguey, erik_lair_orcish_takeover, erik_orc_1
D:10:     layout_small_grid, ploomutoo_gammafunk_ghost_potion_laboratory,
          uniq_lodul
D:11:     minmay_smoke_and_mirrors, layout_cave_pools
D:12:     layout_rooms, gammafunk_ghost_hydra_chop, uniq_nergalle
D:13:     layout_irregular_city, xom_confusion_cloud, uniq_azrael, uniq_snorg,
          uniq_rupert
D:14:     layout_big_octagon, david_vaults_1, okawaru_metal_pillars_1_2
D:15:     grunt_enter_depths_hoard, layout_cave_pools, minivault_23,
          grunt_dithmenos_smoke
Lair:1:   layout_gridlike, enter_volcano_1
Lair:2:   layout_cave_shapes, swamp_mist
Lair:3:   layout_regular_city, nicolae_spider_entry_lesser_pyramids,
          hangedman_tree_tricks
Lair:4:   layout_roguey, grunt_megastairs_1, serial_bayou_shore_b,
          uniq_josephine
Lair:5:   wormcave, layout_misc_corridors, guppyfry_lair_end_dragon,
          slime_entry_2, gauntlet_entry_generic, serial_bayou_shore_b,
          infiniplex_staircase_pool
Swamp:1:  layout_basic_swamp, nicolae_swamp_dense_foliage
Swamp:2:  layout_basic_swamp, ebering_ghost_xom, hangedman_swamp_ruin_hall,
          nicolae_swamp_big_swirl
Swamp:3:  layout_basic_swamp, nicolae_swamp_godswood, swamp_pool1
Swamp:4:  swamp_alternative, layout_basic_swamp, swamp_pool5,
          nzn_swamp_dancing_lights
Spider:1: layout_spider_delve, portal_ice_cave_entry_ice_simulacra,
          nicolae_spider_wall_of_niches
Spider:2: layout_spider_delve, nicolae_spider_scorpion_nest, uniq_roxanne
Spider:3: layout_spider_delve, gammafunk_ghost_cemetery, uniq_arachne
Spider:4: hellmonk_spider_rune_endless_swarm
Slime:1:  layout_caves
Slime:2:  layout_caves
Slime:3:  layout_caves
Slime:4:  layout_caves
Slime:5
Orc:1:    layout_diamond_mine, gammafunk_ghost_smash, basic_altar, uniq_sonja,
          uniq_maurice
Orc:2:    grunt_orc_community_town_hall, layout_caves,
          grunt_orc_community_big_house_1, grunt_orc_community_big_house_2,
          grunt_orc_community_house_1, grunt_orc_community_house_1,
          grunt_orc_community_house_1, grunt_orc_community_house_2, rock_pile
Elf:1:    minmay_elf_arrival_circle, layout_geoelf_diagonals, serial_shops,
          nicolae_shop_hallway_plus, hangedman_elven_crosses_minicolossus,
          uniq_donald
Elf:2:    nicolae_elf_blades_splatter_lattice [nicolae_blade_entry_antechamber],
          layout_gridlike, ebering_ghost_xom, st_stairs_7, lemuel_elevator
Elf:3:    grunt_elf_hall_spiral, layout_loops_corners, serial_shops,
          nicolae_shop_stone, uniq_nikola, uniq_aizul, uniq_louise
Vaults:1: v_misc_26, ontoclasm_vaults_twist, nicolae_vaults_c_with_doors,
          v_misc_24, hangedman_vaults_nodes, v_misc_9,
          nicolae_vaults_puzzle_piece, vaults_room_door_ring,
          ontoclasm_vaults_decontamination, ontoclasm_vaults_ring_square,
          v_misc_26, layout_vaults_big_cross
Vaults:2: nicolae_vaults_circle_grid_a, hangedman_vaults_trim,
          minmay_crypt_entry_necro_gods, hangedman_vaults_impose,
          vaults_dpeg_encased_lava, vaults_room_mumra_shop_pool,
          vaults_dpeg_spiral, hangedman_vaults_impose,
          nicolae_vaults_border_crossing, nicolae_vaults_little_squares_2,
          vaults_mumra_minichess_inversion, layout_vaults_quadrants, uniq_boris
Vaults:3: ebering_ghost_xom, grunt_vaults_focal,
          nicolae_vaults_little_squares_3, ontoclasm_vaults_claustrophobia,
          vaults_dpeg_emergency_exit, hangedman_vaults_stretched_pinwheel,
          hangedman_vaults_slice, ontoclasm_vaults_ring_square, v_misc_33,
          nicolae_vaults_diagonal_hallway_8, nicolae_vaults_know_your_exits,
          nicolae_vaults_specimen_jars, ontoclasm_vaults_bender,
          ontoclasm_vaults_fault, nicolae_vaults_diagonal_hallway_7,
          nicolae_vaults_windows_and_doors_thing, hangedman_vaults_maws,
          layout_vaults_ring, serial_shops, shop, uniq_saint_roka
Vaults:4: nicolae_vaults_yaktaur_gun_rack, nicolae_vaults_ninety_degrees,
          nicolae_vaults_circle_grid_b, nicolae_vaults_little_squares_6,
          v_pattern_5, v_misc_4, vaults_dpeg_diagonal, vaults_dpeg_cross,
          st_lines, vaults_room_hallway, v_misc_11, v_rooms_4, vaults_dpeg_ring,
          layout_vaults_big_room, serial_shops, nicolae_square_shop
Vaults:5: serial_shops
Depths:1: layout_gridville, enter_ziggurat_b, abyss_entry, hellmouth_3,
          serial_shops, bzr_entry_customers, hangedman_ru_absence
Depths:2: minmay_the_grid_octo_tiled_octocenter [minmay_the_grid_octo_clover,
          minmay_the_grid_octo_concentric, minmay_the_grid_octo_tetromino_candy,
          minmay_the_grid_octo_teeth,
          minmay_the_grid_octo_prize_square_snowflake,
          minmay_the_grid_square_5x5_forky, minmay_the_grid_square_5x5_three,
          minmay_the_grid_square_5x5_fancy_junction,
          minmay_the_grid_square_5x5_two_walls_b], layout_honeycomb,
          nicolae_hepliaklqana_hazy_memory, grunt_mini_vestibule,
          rand_demon_pan_entry_8, abyss_entry, serial_shops,
          nicolae_shop_advertising_works [nicolae_subvault_shop_adworks],
          hangedman_decor_lopped
Depths:3: cheibrodos_lost_city_excavation, layout_basic,
          infiniplex_enter_wizlab_spiral, serial_shops, nicolae_shop_crystal,
          hell_entry, pan_entry, abyss_entry_flame_altar,
          serial_sigils_hangedman_quiver, drop_trap, serial_bayou_shore_b
Depths:4: evilmike_zot_entry_diamond, layout_long_grid, zin_angel, hell_entry,
          serial_shops, shop, shop, shop
Zot:1:    layout_basic, st_stairs_4, lemuel_lich_library, uniq_josephina
Zot:2:    layout_cathedral_of_symmetry
Zot:3:    gammafunk_sealed_arena, layout_cathedral_of_symmetry,
          bh_zot_ikea_curve
Zot:4:    layout_basic
Zot:5:    layout_basic

Skill      XL: |  1  2  3  4  5  6  7  8  9 10 11 12 13 14 15 16 17 18 19 20 21 22 23 24 25 26 |
---------------+-------------------------------------------------------------------------------+-----
Long Blades    | 3 4 5 7 10 12 14 16 17 | 17.2
Fighting       | 3 5 7 10 11 12 13 14 15 17 20 21 22 23 | 23.0
Armour         | 3 4 6 8 10 11 13 14 15 17 18 19 20 | 20.0
Dodging        | 2 4 5 6 7 9 10 11 14 15 16 17 | 17.5
Stealth        | 2 3 4 5 6 8 10 11 12 13 15 16 19 20 | 20.0
Evocations     | 2 4 5 7 9 10 12 15 16 | 16.0
Throwing       | 1 4 6 8 12 15 16 | 16.0
Shields        | 1 5 7 9 10 12 15 | 15.0

Action                     |  1- 3 |  4- 6 |  7- 9 | 10-12 | 13-15 | 16-18 | 19-21 | 22-24 | 25-27 || total
---------------------------+-------+-------+-------+-------+-------+-------+-------+-------+-------++-------
  Melee: Long sword        |   136 |   174 |   421 |     3 |       |       |       |       |       ||   734
         Tailslap          |    13 |    27 |    71 |   103 |   313 |   388 |   354 |   538 |   241 ||  2048
         Punch             |     2 |     2 |    11 |    11 |       |       |       |       |       ||    26
         Dagger            |       |       |    10 |     1 |     4 |     4 |       |       |       ||    19
         Scimitar          |       |       |       |   590 |    17 |    50 |       |       |       ||   657
         Falchion          |       |       |       |    56 |       |       |       |       |       ||    56
         Demon blade       |       |       |       |    61 |  1268 |  1253 |  1165 |  1383 |   140 ||  5270
         Double sword      |       |       |       |       |       |       |       |   223 |   561 ||   784
  Throw: Dart              |       |       |       |    18 |    21 |    80 |     2 |       |       ||   121
         Throwing net      |       |       |       |       |     2 |       |       |     1 |       ||     3
         Boomerang         |       |       |       |       |       |    12 |    18 |    49 |    41 ||   120
         Javelin           |       |       |       |       |       |       |       |     3 |       ||     3
 Invoke: Berserk           |       |     3 |     8 |     6 |     5 |     2 |       |       |       ||    24
         Trog's Hand       |       |     1 |     1 |     2 |     3 |     2 |     3 |     4 |       ||    16
         Brothers in Arms  |       |       |       |     3 |     4 |     5 |     2 |     6 |     6 ||    26
  Evoke: Wand              |       |       |     2 |     3 |     4 |    10 |     5 |     9 |     5 ||    38
         Condenser vane    |       |       |       |       |     1 |     3 |     8 |     6 |     1 ||    19
         Phantom mirror    |       |       |       |       |       |     3 |     2 |     3 |       ||     8
         Tin of tremorston |       |       |       |       |       |       |     2 |     4 |       ||     6
         Box of beasts     |       |       |       |       |       |       |       |     2 |       ||     2
         Phial of floods   |       |       |       |       |       |       |       |     1 |       ||     1
    Use: Scroll            |       |     2 |     8 |    15 |     9 |     6 |     2 |    12 |    14 ||    68
         Potion            |       |       |       |     1 |     1 |     6 |     1 |     5 |     1 ||    15
   Stab: Sleeping          |       |       |    16 |    11 |    41 |    34 |    29 |    11 |     2 ||   144
         Distracted        |       |       |     2 |     2 |     4 |    10 |    10 |    13 |     6 ||    47
         Invisible         |       |       |     3 |       |     2 |     2 |    29 |    48 |    36 ||   120
         Held in net/web   |       |       |       |       |     2 |       |       |       |       ||     2
         Petrified         |       |       |       |       |     1 |       |       |       |       ||     1
 Armour: Animal skin       |    61 |       |       |       |       |       |       |       |       ||    61
         Plate armour      |    55 |    75 |       |       |       |       |       |       |       ||   130
         Leather armour    |       |     6 |    78 |    51 |     1 |       |       |       |       ||   136
         Swamp dragon scal |       |       |    24 |   120 |   301 |   454 |   198 |   361 |   133 ||  1591
         Ice dragon scales |       |       |       |       |       |    54 |       |       |       ||    54
         Gold dragon scale |       |       |       |       |       |       |       |       |    39 ||    39
  Dodge: Dodged            |    79 |    93 |   244 |   396 |   637 |   606 |   564 |   948 |   360 ||  3927
  Block: Buckler           |       |       |       |     5 |   308 |   635 |   487 |   761 |   340 ||  2536
         Reflection        |       |       |       |       |    17 |    28 |    93 |    66 |    43 ||   247
Riposte: Demon blade       |       |       |       |       |    79 |   274 |   241 |   304 |    36 ||   934
         Scimitar          |       |       |       |       |       |    36 |       |       |       ||    36
         Double sword      |       |       |       |       |       |       |       |    78 |   142 ||   220

Table legend: (Time is in decaauts)
 A = Elapsed time spent in this place.
 B = Non-inter-level travel time spent in this place.
 C = Inter-level travel time spent in this place.
 D = Time resting spent in this place.
 E = Time spent auto-exploring this place.
 F = Levels seen in this place.
 G = Mean time per level.
                   A        B        C        D        E       F      G
               +--------+--------+--------+--------+--------+-----+--------+
         Total |  76753 |  67991 |   8762 |  18925 |  32787 |  58 | 1323.3 |
       Dungeon |  19751 |  15782 |   3969 |   4235 |   7826 |  15 | 1316.7 |
          Lair |  10066 |   9140 |    926 |   3563 |   3746 |   5 | 2013.2 |
         Swamp |   4587 |   4383 |    204 |   1017 |   2370 |   4 | 1146.8 |
   Spider Nest |   5843 |   5605 |    238 |   2031 |   2269 |   4 | 1460.8 |
    Slime Pits |   2575 |   2443 |    132 |   1355 |    455 |   5 |  515.0 |
  Orcish Mines |   2756 |   2392 |    364 |    745 |   1015 |   2 | 1378.0 |
   Elven Halls |   3925 |   3733 |    192 |    523 |   2343 |   3 | 1308.3 |
        Vaults |   9147 |   8241 |    906 |   1209 |   5264 |   5 | 1829.4 |
        Depths |   5936 |   4972 |    964 |    761 |   2937 |   4 | 1484.0 |
           Zot |   8283 |   7422 |    861 |   2200 |   3536 |   5 | 1656.6 |
        Bazaar |     34 |     34 |      0 |      0 |     27 |   1 |   34.0 |
       Ossuary |    404 |    404 |      0 |     96 |    166 |   1 |  404.0 |
      Ice Cave |   1655 |   1655 |      0 |    775 |    425 |   1 | 1655.0 |
       Volcano |    478 |    478 |      0 |    168 |      0 |   1 |  478.0 |
        Wizlab |    747 |    747 |      0 |    173 |    188 |   1 |  747.0 |
      Gauntlet |    559 |    559 |      0 |     69 |    219 |   1 |  559.0 |
               +--------+--------+--------+--------+--------+-----+--------+

Top non-repeatable levels by time:
  Lair:5: 3733 daAuts
     D:9: 2951 daAuts
   Zot:5: 2671 daAuts
     D:6: 2245 daAuts
Vaults:1: 2139 daAuts
   Zot:1: 2123 daAuts
Vaults:5: 2081 daAuts
Spider:1: 1945 daAuts
  Lair:3: 1942 daAuts
Depths:2: 1924 daAuts
   Elf:3: 1914 daAuts
    D:13: 1909 daAuts
Vaults:2: 1858 daAuts
  Lair:1: 1851 daAuts
   Orc:2: 1748 daAuts
